 Dungeon Crawl Stone Soup version 0.29-a0-892-g2c4c91d9db (webtiles) character file.

Game seed: 5483378620568825864

15573 mcwallace the Covert (level 12, -10/71 HPs)
             Began as a Vampire Brigand on July 22, 2022.
             Was a Follower of Uskayaw.
             Mangled by a death yak simulacrum (12 damage)
             ... in an ice cave.
             The game lasted 00:45:54 (13218 turns).

mcwallace the Covert (Vampire Brigand)             Turns: 13218, Time: 00:45:54

Health: -10/71     AC:  7    Str: 15    XL:     12   Next: 2%
Magic:  0/30       EV: 15    Int: 16    God:    Uskayaw [*.....]
Gold:   716        SH:  0    Dex: 17    Spells: 23/23 levels left

rFire   + . .      SeeInvis +   n - +4 short sword {short}
rCold   + + .      Faith    .   (no shield)
rNeg    + + +      Spirit   +   b - +0 leather armour of the Leaf {Regen+ Str+5 Int+2 Dex-3}
rPois   ∞          Reflect  .   G - +0 helmet
rElec   .          Harm     .   c - +0 cloak
rCorr   +          Rampage  .   (no gloves)
Will    +....                   t - +0 pair of boots
Stlth   +++++++...              r - amulet of guardian spirit
HPRegen 0.00/turn               u - ring "Beogyn" {rN+ rCorr MP+9}
MPRegen 0.22/turn               v - ring of protection from fire

@: bloodless, inhibited regen
A: bloodless, fangs 3, see invisible, vampiric 2
a: Bat Form, Revivify, Renounce Religion, Stomp


You were in an ice cave.
You worshipped Uskayaw.
Uskayaw was noncommittal.
You visited 2 branches of the dungeon, and saw 12 of its levels.
You also visited: Sewer and Ice Cave.

You collected 756 gold pieces.
You spent 40 gold pieces at shops.


Innate Abilities, Weirdness & Mutations

You do not regenerate when monsters are visible.
You are frail without blood (-20% HP).
You can heal yourself when you bite living creatures.
You are immune to poison.
You have razor-sharp teeth.
You have supernaturally acute eyesight. (SInv)
You are afflicted with vampirism and can become a bat while bloodless.


   Skills:
 + Level 6.4 Fighting
 + Level 7.7 Short Blades
 - Level 3.8 Throwing
 + Level 4.6 Armour
 + Level 7.4 Dodging
 + Level 12.0 Stealth
 + Level 6.0 Spellcasting
 - Level 3.5 Necromancy
 + Level 5.7 Air Magic
 + Level 5.1 Invocations
 - Level 5.0 Evocations


You had 23 spell levels left.
You didn't know any spells.
Your spell library contained the following spells:

 Spells                   Type           Power      Damage    Failure   Level
 Static Discharge         Conj/Air       14%        3-5/arc   8%          2
 Freeze                   Ice            16%        1d4       16%         1
 Magic Dart               Conj           16%        1d3       16%         1
 Summon Small Mammal      Summ           16%        N/A       16%         1
 Searing Ray              Conj           8%         2d4       24%         2
 Call Canine Familiar     Summ           4%         N/A       43%         3
 Frozen Ramparts          Ice            8%         1d2       43%         3
 Inner Flame              Hex/Fire       4%         N/A       43%         3
 Portal Projectile        Hex/Tloc       8%         N/A       43%         3
 Summon Guardian Golem    Hex/Summ       4%         N/A       43%         3
 Lightning Bolt           Conj/Air       7%         1d19      80%         5
 Cause Fear               Hex            2%         N/A       85%         4
 Fulminant Prism          Conj/Hex       2%         3d6       85%         4
 Hailstorm                Conj/Ice       4%         3d4       85%         4
 Leda's Liquefaction      Hex/Erth       2%         N/A       85%         4
 Discord                  Hex            2%         N/A       100%        8
 Maxwell's Capacitive Co  Air            11%        ∞         100%        8

Inventory:

Hand Weapons
 a - a +2 dagger {short}
 m - a +1 whip of electrocution {mace}
   (You took it off Pikel on level 8 of the Dungeon)
 n - a +4 short sword (weapon) {short}
   (You took it off a wight on level 9 of the Dungeon)
 o - a +2 hand axe of flaming {axe}
   (You took it off an orc on level 6 of the Dungeon)
 R - a +1 whip of pain {mace}
   (You took it off an orc on level 4 of the Dungeon)
 W - a +0 flail of draining {mace}
   (You took it off an orc priest on level 9 of the Dungeon)
Missiles
 d - 51 poisoned darts (quivered) {throwing}
 e - 2 curare-tipped darts {=fthrowing}
Armour
 b - the +0 leather armour of the Leaf (worn) {Regen+ Str+5 Int+2 Dex-3}
   (You found it on level 6 of the Dungeon)

   Str:       It affects your strength (+5).
   Int:       It affects your intelligence (+2).
   Dex:       It affects your dexterity (-3).
   Regen:     It increases your rate of health regeneration.
 c - a +0 cloak (worn)
 t - a +0 pair of boots (worn)
   (You found it on level 2 of the Dungeon)
 A - +0 steam dragon scales
   (You took it off Maggie on level 7 of the Dungeon)
 E - a scarf of harm
   (You found it on level 3 of the Dungeon)
 G - a +0 helmet (worn)
   (You took it off Robin on level 3 of the Dungeon)
 S - a +0 leather armour
   (You took it off an orc on level 4 of the Dungeon)
Jewellery
 g - a +6 ring of intelligence
   (You found it on level 6 of the Dungeon)
 p - a ring of willpower
   (You found it on level 9 of the Dungeon)
 r - an amulet of guardian spirit (around neck)
   (You found it on level 2 of the Dungeon)
 u - the ring "Beogyn" (left hand) {rN+ rCorr MP+9}
   (You found it on level 2 of the Dungeon)

   [ring of positive energy]

   rN:        It protects you from negative energy.
   MP:        It affects your magic capacity (+9).
   rCorr:     It protects you from acid and corrosion.
 v - a ring of protection from fire (right hand)
   (You found it on level 2 of the Dungeon)
 x - an amulet of the acrobat
   (You found it on level 6 of the Dungeon)
 y - a ring of poison resistance
   (You found it on level 3 of the Dungeon)
 H - an amulet of reflection
   (You found it on level 4 of the Dungeon)
 Y - a ring of magical power
   (You found it on level 5 of the Dungeon)
Wands
 N - a wand of paralysis (22)
   (You found it on level 4 of the Dungeon)
 U - a wand of iceblast (9)
   (You found it on level 5 of the Dungeon)
 V - a wand of flame (4)
   (You took it off Pikel on level 8 of the Dungeon)
Scrolls
 h - 4 scrolls of poison {!r}
 i - 3 scrolls of blinking {!r}
 k - 2 scrolls of silence {!r}
 l - 4 scrolls of noise {!r}
 q - 2 scrolls of immolation {!r!r}
 w - 3 scrolls of amnesia
 z - a scroll of enchant armour {unknown}
 F - a scroll of summoning {unknown}
 J - 2 scrolls of magic mapping {!r}
 M - a scroll of fear
 O - 3 scrolls of fog
 Q - 4 scrolls of teleportation {@r4}
Potions
 f - 2 potions of invisibility {unknown}
 j - 2 potions of curing {@q1}
 s - 2 potions of berserk rage {!q}
 B - 5 potions of attraction {!q}
 C - a potion of flight {unknown}
 D - 5 potions of heal wounds {unknown}
 I - 2 potions of mutation {unknown}
 K - 2 potions of magic {unknown}
 L - 3 potions of might {unknown}
 P - 3 potions of degeneration {unknown}
 T - 2 potions of resistance {unknown}
 X - a potion of ambrosia {unknown}
 Z - a potion of lignification {unknown}

Dungeon Overview and Level Annotations

Branches:
Dungeon (10/15) Zot: 22906  Temple (0/1) D:6            Lair (2/5) D:10 Zot: 10747
  Swamp (0/4) Lair:2        Snake (0/4) Lair:2          Orc (0/2) D:10
  Sewer (visited)           IceCv (1/1) Zot: 5980

Altars:
Kikubaaqudgha
Okawaru
Sif Muna
Uskayaw
Vehumet
Wu Jian
Xom

Shops:
D:6 *   D:8 !

Annotations:
D:8 3 runed translucent doors, Lemondrips's ghost, novice KoHu IceCv 2 transporters, exclusion: 2 ice statues

##### ### ####...###
#.∩# ##........##
#8..#
##.....§..§.##8...#
##....Z§§.ZZ§#8...8#
#..Z....8§Z@§#.....#
#..Z.Z.u§§Z§8#...[|#
#∩ZZ.....§§§§#©.u)(#
#.........§§8#...=)#
#.......8.§§§#.....#
##........§§.#8...8#
##..........##8...#
#........## #8..#
###...## #.©#


You could see 2 ice statues, a white ugly thing (asleep), a death yak
simulacrum, 2 elephant simulacra and a cane toad simulacrum.


Message History

Blink to where?
Press: ? - help, Q - select action, (/) - cycle Dir - move target, p - white ugly thing
As you read the scroll of blinking {!r}, it crumbles to dust.
Your surroundings seem slightly different.
Found six items.
Found an ice covered gate leading back out of this place.
Marking area around 2 ice statues as unsafe for travelling.
There is a transporter here.
As you read the scroll of fog, it crumbles to dust.
The scroll dissolves into smoke. 😮 HP[+1]
The ice statue glitters chillingly in the dim dungeon light.
You hit the elephant simulacrum but do no damage.
You bite the elephant simulacrum, but do no damage.
You can no longer pass through a line of other dancers. 😮 MP[+1]
You hit the elephant simulacrum.
You bite the elephant simulacrum, but do no damage.
The elephant simulacrum closely misses you.
The elephant simulacrum trunk-slaps you.
The elephant simulacrum freezes you. You resist.
You can now pass through a line of other dancers. 😮 HP[-5] MP[-2]
You take 5 damage, and now have 39/66 hp.
You lost 2 mp, and now have 17/28 mp.
You hit the elephant simulacrum.
The elephant simulacrum closely misses you. x2
You see here a scroll of identify {@r1}.
As you read the scroll of identify {@r1}, it crumbles to dust.
M - a scroll of fear The white ugly thing headbutts you!
* * * LOW HITPOINT WARNING * * *
The white ugly thing freezes you! You resist.
* * * LOW HITPOINT WARNING * * *
The elephant simulacrum closely misses you.
The elephant simulacrum trunk-slaps you but does no damage. 😨 HP[-13] MP[-4]
You take 13 damage, and now have 26/66 hp.
You lost 4 mp, and now have 13/28 mp.
Read: scroll of fear
Press: ? - help, Q - select action, (/) - cycle Dir - look around, f - activate Look: a white ugly thing (grey smoke, moderately wounded, chance to affect: 90%)
Okay, then.
Aiming: Paralyse
Press: ? - help, Q - select action, (/) - cycle Shift-Dir - straight line, f - white ugly thing
Aim: a white ugly thing (grey smoke, moderately wounded, chance to affect: 44%)
The white ugly thing resists with some effort.
The white ugly thing closely misses you.
The elephant simulacrum barely misses you.
The elephant simulacrum trunk-slaps you but does no damage.
The cane toad simulacrum closely misses you. 😨 MP[+1]
You feel better. The white ugly thing headbutts you!
* * * LOW HITPOINT WARNING * * *
The white ugly thing freezes you! You resist.
* * * LOW HITPOINT WARNING * * *
The cane toad simulacrum barely misses you.
The elephant simulacrum tramples you but does no damage.
The elephant simulacrum trunk-slaps you but does no damage. 😨 HP[-2] MP[-4]
You take 2 damage, and now have 24/66 hp.
You lost 4 mp, and now have 10/28 mp.
You cannot raise a blood rage in your lifeless body.
Aiming: Paralyse
Press: ? - help, Q - select action, (/) - cycle Shift-Dir - straight line, f/p - white ugly thing
Aim: a white ugly thing (grey smoke, moderately wounded, chance to affect: 44%)
The white ugly thing suddenly stops moving!
The cane toad simulacrum closely misses you.
You can no longer pass through a line of other dancers.
The helpless white ugly thing fails to defend itself.
You bite the white ugly thing, and draw its blood!
You feel better.
You perforate the white ugly thing like a sieve!!!
You kill the white ugly thing!
The elephant simulacrum completely misses you.
The elephant simulacrum trunk-slaps you but does no damage.
The elephant simulacrum barely misses you.
The elephant simulacrum trunk-slaps you.
* * * LOW HITPOINT WARNING * * *
The elephant simulacrum freezes you! You resist.
* * * LOW HITPOINT WARNING * * *
You can now pass through a line of other dancers.
Your Spellcasting skill increases to level 6!
You have reached level 12! 😨 HP[+4] MP[-2]
You now have 71 max hp (+5).
You regained 4 hp, and now have 28/71 hp.
You stomp with the beat, sending a shockwave through the revellers around you!
You can no longer pass through a line of other dancers.
The cane toad simulacrum barely misses you.
The elephant simulacrum tramples you!
* * * LOW HITPOINT WARNING * * *
You hold your ground!
The elephant simulacrum trunk-slaps you but does no damage.
The elephant simulacrum misses you.
The elephant simulacrum trunk-slaps you but does no damage.
The death yak simulacrum gores you!!
* * * LOW HITPOINT WARNING * * *
The death yak simulacrum freezes you! You resist.
You die...

Skill      XL: |  1  2  3  4  5  6  7  8  9 10 11 |
---------------+----------------------------------+-----
Stealth        | 6 7 8 9 10 12 | 12.0
Fighting       | 2 3 4 5 6 |  6.4
Necromancy     | 1 2 3 |  3.5
Spellcasting   | 1 2 3 4 5 6 |  6.0
Dodging        | 2 3 4 5 6 7 |  7.4
Short Blades   | 3 4 5 6 7 |  7.7
Air Magic      | 2 3 4 5 |  5.7
Invocations    | 2 3 4 5 |  5.1
Evocations     | 1 2 4 5 |  5.0
Throwing       | 2 3 |  3.8
Armour         | 1 2 3 4 |  4.6

Action                   |  1- 3 |  4- 6 |  7- 9 | 10-12 || total
-------------------------+-------+-------+-------+-------++-------
Melee: Dagger            |   145 |   167 |   775 |   477 ||  1564
       Bite              |    12 |    15 |   109 |   116 ||   252
       Punch             |     2 |     1 |    16 |     7 ||    26
       Short sword       |       |       |       |   309 ||   309
Throw: Dart              |       |       |     1 |     3 ||     4
Invok: Line Pass         |       |       |     5 |     1 ||     6
       Stomp             |       |       |       |     2 ||     2
 Abil: Exsanguinate      |       |       |     1 |     3 ||     4
       Revivify          |       |       |       |     2 ||     2
Evoke: Wand              |       |     1 |     8 |    41 ||    50
  Use: Scroll            |       |       |     7 |    10 ||    17
       Potion            |       |       |     3 |     2 ||     5
 Stab: Sleeping          |    17 |     7 |    14 |    13 ||    51
       Distracted        |       |       |     1 |     1 ||     2
       Paralysed         |       |       |    13 |    34 ||    47
       Confused          |       |       |     2 |       ||     2
Armor: Robe              |    14 |       |       |       ||    14
       Leather armour    |    39 |       |    54 |   177 ||   270
       Ring mail         |     5 |    75 |   123 |       ||   203
Dodge: Dodged            |   106 |    95 |   353 |   545 ||  1099

Levels and vault maps discovered:
D:1:      kb_arrival_jail, layout_loops_ring,
          dreamdust_ecumenical_altar_drowned_temple
D:2:      cheibrodos_old_hovel, layout_basic, hangedman_decor_riveting,
          minmay_bisected
D:3:      layout_loops_ring, nzn_wu_jian_council_hall, uniq_robin, uniq_grinder
D:4:      layout_basic, jmf_multi_god_temple, gup_sewer_entry_glass,
          minmay_misc_feat_rows, lightli_corner_chamber
D:5:      layout_basic, palyth_temple_overflow_mages, grunt_ministairs_8
D:6:      layout_basic, minmay_temple_entry_junction, serial_shops,
          nicolae_shop_stone
D:7:      layout_rooms, kennysheep_donut, minmay_statues_item, uniq_maggie
D:8:      layout_rooms, serial_shops, nicolae_shop_statue_plus,
          gammafunk_ghost_necromancy, columned_hall_lemuel, uniq_pikel,
          uniq_maurice, uniq_grum
D:9:      layout_roguey, kennysheep_cluttered_room, minmay_misc_feat_iff,
          uniq_erica
D:10:     layout_roguey, mainiacjoe_overflow_boulevard,
          erik_lair_orcish_takeover, minmay_orc_entry_guard_dogs,
          minmay_misc_feat_more_columns
Lair:1:   layout_cave_pods, uniq_sonja
Lair:2:   layout_chaotic_city, minmay_swamp_entry_reptiles,
          guppyfry_snake_entry_garden, portal_ice_cave_entry_imps,
          chequers_serial_rivers_room_b, st_stairs_5, infiniplex_staircase_pool
IceCv:    ice_cave_statue_garden_transporter

Notes
Turn   | Place    | Note
-------+----------+-------------------------------------------
     0 | D:1      | mcwallace the Vampire Brigand began the quest for the Orb.
     0 | D:1      | Reached XP level 1. HP: 16/16 MP: 1/1
     0 | D:1      | magus.rc [v1.9.6]
     2 | D:1      | Noticed a dwarf
     4 | D:1      | Noticed a troll
     6 | D:1      | Noticed a formicid
     8 | D:1      | Noticed a demonspawn
     8 | D:1      | Noticed a minotaur
    10 | D:1      | Noticed an octopode
    12 | D:1      | Noticed a merfolk
    14 | D:1      | Noticed an elf
    14 | D:1      | Noticed an ogre
    16 | D:1      | Noticed a naga
    16 | D:1      | Noticed a draconian
    18 | D:1      | Noticed a felid
    18 | D:1      | Noticed a ghoul
    20 | D:1      | Noticed a demigod
    20 | D:1      | Noticed a human
    22 | D:1      | Noticed a vampire
    22 | D:1      | Noticed a vine stalker
    24 | D:1      | Noticed a tengu
    24 | D:1      | Noticed a spriggan
    27 | D:1      | Noticed a gargoyle
   102 | D:1      | Reached XP level 2. HP: 19/22 MP: 2/2
   186 | D:1      | Reached skill level 6 in Stealth
   210 | D:1      | Reached skill level 2 in Fighting
   227 | D:1      | Found a faded altar of an unknown god.
   527 | D:1      | Gained mutation: You are afflicted with vampirism and can
                  | become a bat while bloodless. [Vampire growth]
   527 | D:1      | Reached XP level 3. HP: 24/27 MP: 4/4
   651 | D:1      | Reached skill level 1 in Necromancy
  1087 | D:2      | You pick up a book of Frost and begin reading...
  1087 | D:2      | You add the spells Freeze, Frozen Ramparts and Hailstorm to
                  | your library.
  1094 | D:2      | Reached skill level 1 in Spellcasting
  1176 | D:2      | You pick up a book of Lightning and begin reading...
  1176 | D:2      | You add the spells Static Discharge, Lightning Bolt and
                  | Maxwell's Capacitive Coupling to your library.
  1380 | D:2      | Identified the ring "Beogyn" {rN+ rCorr MP+9}
  1515 | D:2      | Reached XP level 4. HP: 33/33 MP: 5/5
  1568 | D:2      | You pick up a book of the Hunter and begin reading...
  1568 | D:2      | You add the spells Call Canine Familiar, Portal Projectile
                  | and Leda's Liquefaction to your library.
  1582 | D:2      | You pick up a book of Callings and begin reading...
  1582 | D:2      | You add the spells Summon Small Mammal and Summon Guardian
                  | Golem to your library.
  1630 | D:2      | Reached skill level 2 in Dodging
  1930 | D:3      | Noticed Grinder
  1937 | D:3      | Killed Grinder
  1938 | D:3      | Reached skill level 3 in Short Blades
  1938 | D:3      | Reached skill level 7 in Stealth
  1938 | D:3      | Reached skill level 2 in Necromancy
  1938 | D:3      | Reached XP level 5. HP: 39/39 MP: 7/7
  1938 | D:3      | Reached XP level 6. HP: 46/46 MP: 8/8
  2220 | D:3      | Noticed Robin
  2233 | D:3      | Killed Robin
  2243 | D:3      | Found an ornate altar of the Wu Jian Council.
  2480 | D:4      | Reached skill level 3 in Fighting
  2480 | D:4      | Reached skill level 2 in Spellcasting
  2491 | D:4      | Reached skill level 3 in Dodging
  2496 | D:4      | Found a glowing drain.
  2586 | Sewer    | Entered a sewer
  2706 | Sewer    | Reached skill level 3 in Necromancy
  2706 | Sewer    | Reached XP level 7. HP: 33/52 MP: 10/10
  3031 | Sewer    | Reached skill level 4 in Short Blades
  3250 | Sewer    | Reached skill level 8 in Stealth
  3250 | Sewer    | HP: 9/52 [river rat (6)]
  3592 | D:4      | Found a hide-covered altar of Uskayaw.
  3601 | D:4      | Found a shimmering altar of Xom.
  3628 | D:4      | Became a worshipper of Uskayaw the Reveller
  3755 | D:4      | Reached * piety under Uskayaw
  3840 | D:4      | Reached ** piety under Uskayaw
  4215 | D:5      | Entered Level 5 of the Dungeon
  4339 | D:5      | Reached skill level 4 in Dodging
  4339 | D:5      | Reached XP level 8. HP: 40/60 MP: 8/12
  4352 | D:5      | Reached *** piety under Uskayaw
  4463 | D:5      | Reached skill level 3 in Spellcasting
  4566 | D:5      | Reached skill level 1 in Air Magic
  4566 | D:5      | Reached skill level 1 in Invocations
  4568 | D:5      | Reached skill level 1 in Evocations
  4573 | D:5      | Reached **** piety under Uskayaw
  4577 | D:5      | Reached skill level 2 in Throwing
  4627 | D:5      | Reached skill level 4 in Fighting
  4759 | D:5      | Reached skill level 1 in Armour
  5111 | D:5      | Found a shimmering blue altar of Sif Muna.
  5121 | D:5      | Found an ancient bone altar of Kikubaaqudgha.
  5158 | D:5      | Found a radiant altar of Vehumet.
  5257 | D:5      | Reached skill level 2 in Air Magic
  5288 | D:6      | Found Nurim's Assorted Antiques.
  5296 | D:6      | Bought a scroll labelled AHAQEU WIBAYVO for 20 gold pieces
  5296 | D:6      | Bought a scroll labelled WAOPLU MUNU for 20 gold pieces
  5366 | D:6      | Identified the +0 leather armour of the Leaf {Regen+ Str+5
                  | Int+2 Dex-3}
  5484 | D:6      | Reached skill level 5 in Short Blades
  5484 | D:6      | Reached skill level 9 in Stealth
  5484 | D:6      | Reached skill level 2 in Invocations
  5603 | D:6      | Reached XP level 9. HP: 66/66 MP: 14/14
  5692 | D:6      | Reached skill level 2 in Evocations
  5747 | D:6      | Found a staircase to the Ecumenical Temple.
  6148 | D:6      | Reached skill level 2 in Armour
  6457 | D:6      | Reached skill level 5 in Dodging
  6880 | D:7      | You fall into a shaft and drop 3 floors!
  6880 | D:10     | Entered Level 10 of the Dungeon
  6973 | D:10     | Reached skill level 3 in Air Magic
  7000 | D:10     | Reached skill level 3 in Throwing
  7000 | D:10     | Reached skill level 4 in Spellcasting
  7023 | D:10     | HP: 15/66 [orc warrior/+0 long sword (14)]
  7025 | D:10     | Reached ***** piety under Uskayaw
  7026 | D:10     | Reached skill level 3 in Invocations
  7039 | D:10     | HP: 14/67 [yak (10)]
  7044 | D:10     | HP: 16/67 [yak (9)]
  7057 | D:10     | HP: 16/67 [yak (8)]
  7058 | D:10     | Reached ****** piety under Uskayaw
  7063 | D:10     | HP: 11/67 [yak (7)]
  7289 | D:10     | Reached XP level 10. HP: 36/73 MP: 5/16
  7586 | D:9      | Reached skill level 5 in Fighting
  7586 | D:9      | Reached skill level 10 in Stealth
  7586 | D:9      | Reached skill level 3 in Evocations
  7701 | D:8      | Noticed Maurice
  7708 | D:8      | Killed Maurice
  7709 | D:8      | Reached skill level 6 in Short Blades
  7721 | D:8      | Noticed Pikel
  7789 | D:8      | Killed Pikel
  7790 | D:8      | Reached skill level 3 in Armour
  7961 | D:8      | HP: 16/66 [orc/+0 short sword (1)]
  7966 | D:8      | HP: 16/66 [poisoned by a water moccasin]
  8116 | D:8      | Found Daunet's Distillery.
  8178 | D:7      | Reached skill level 4 in Air Magic
  8420 | D:7      | Noticed a two-headed ogre
  8426 | D:7      | Killed a two-headed ogre
  8427 | D:7      | Reached skill level 6 in Dodging
  8509 | D:7      | Noticed Maggie
  8548 | D:7      | Killed Maggie
  8993 | D:8      | Reached skill level 4 in Invocations
  9322 | D:8      | Found a runed translucent gate.
  9322 | D:8      | Found a runed translucent gate.
  9323 | D:8      | Found a runed translucent gate.
  9324 | D:8      | Noticed Lemondrips's ghost (novice KoHu)
  9367 | D:8      | Noticed Grum
  9413 | D:8      | Reached skill level 5 in Spellcasting
  9415 | D:8      | Killed Grum
  9826 | D:9      | Noticed Erica
  9851 | D:9      | Killed Erica
  9852 | D:9      | Reached skill level 4 in Evocations
  9852 | D:9      | Reached XP level 11. HP: 60/64 MP: 18/18
 10050 | D:9      | Reached skill level 11 in Stealth
 10458 | D:9      | You pick up a book of Conjurations {@e2} and begin
                  | reading...
 10458 | D:9      | You add the spells Magic Dart, Searing Ray and Fulminant
                  | Prism to your library.
 11065 | D:10     | Found a staircase to the Lair.
 11116 | D:9      | HP: 15/61 [warg (7)]
 11378 | D:10     | Reached skill level 7 in Short Blades
 11380 | D:10     | HP: 5/64 [manticore (13)]
 11607 | D:10     | Found a staircase to the Orcish Mines.
 11624 | D:10     | Reached skill level 4 in Armour
 11624 | D:10     | Reached skill level 5 in Air Magic
 11636 | D:10     | Found an iron altar of Okawaru.
 11899 | Lair:1   | Entered Level 1 of the Lair of Beasts
 11943 | Lair:1   | Reached skill level 6 in Fighting
 12490 | Lair:1   | Noticed Sonja
 12498 | Lair:1   | Killed Sonja
 12499 | Lair:1   | Reached skill level 7 in Dodging
 12640 | Lair:1   | Noticed a five-headed hydra
 12650 | Lair:1   | Killed a five-headed hydra
 13035 | Lair:2   | Reached skill level 5 in Invocations
 13060 | Lair:2   | Noticed a five-headed hydra
 13072 | Lair:2   | Killed a five-headed hydra
 13073 | Lair:2   | Reached skill level 12 in Stealth
 13073 | Lair:2   | Reached skill level 5 in Evocations
 13098 | Lair:2   | You pick up a book of Hexes and begin reading...
 13098 | Lair:2   | You add the spells Inner Flame, Cause Fear and Discord to
                  | your library.
 13133 | Lair:2   | Found a frozen archway.
 13198 | IceCv    | Entered an ice cave
 13198 | IceCv    | Noticed a white ugly thing
 13205 | IceCv    | Found a transporter.
 13206 | IceCv    | Noticed a white ugly thing
 13206 | IceCv    | Found a transporter.
 13217 | IceCv    | Killed a white ugly thing
 13218 | IceCv    | Reached skill level 6 in Spellcasting
 13218 | IceCv    | Reached XP level 12. HP: 28/71 MP: 8/21
 13218 | IceCv    | HP: 2/71 [death yak simulacrum (17)]
 13218 | IceCv    | Mangled by a death yak simulacrum

Vanquished Creatures
  2 hydras
  A two-headed ogre (D:7)
  Erica (D:9)
  Sonja (Lair:1)
  Pikel (D:8)
  An ugly thing (IceCv)
  Maurice (D:8)
  A manticore (D:10)
  A black mamba (Lair:1)
  A cane toad (Lair:2)
  2 komodo dragons
  Maggie (D:7)
  A troll (D:9)
  3 blink frogs (Lair:1)
  A hornet (D:10)
  Grinder (D:3)
  2 wraiths
  3 wyverns
  A basilisk (Lair:2)
  5 yaks (D:10)
  Grum (D:8)
  7 wargs
  15 water moccasins
  3 orc warriors
  5 ice beasts
  A sky beast (D:7)
  2 black bears
  2 wolves (D:8)
  A centaur (D:6)
  3 phantoms
  4 bullfrogs
  5 kobold brigands
  A gnoll sergeant (D:9)
  4 scorpions
  4 necrophages
  4 wights (D:9)
  A howler monkey (D:4)
  6 killer bees (D:10)
  A lava snake (D:9)
  6 orc priests
  2 hounds (D:5)
  A gnoll bouda (D:7)
  A jelly (D:6)
  16 orc wizards
  6 iguanas
  Robin (D:3)
  10 gnolls
  10 adders
  4 river rats (Sewer)
  A shadow imp (D:6)
  15 white imps
  4 dart slugs
  29 orcs
  12 ball pythons
  8 bats
  5 endoplasms
  6 giant cockroaches
  13 goblins
  12 hobgoblins
  8 jackals
  2 quokkas (D:1)
  5 frilled lizards
  18 kobolds
  6 rats
  A spectral kobold (D:1)
303 creatures vanquished.

Vanquished Creatures (others)
  An orc wizard (D:10)
  2 fungi (Lair:2)
  20 plants
23 creatures vanquished.

Grand Total: 326 creatures vanquished

Table legend:
 A = Non-vault XP
 B = Vault XP
 C = Vault XP percentage of total XP
 D = Non-vault monster count
 E = Vault monster count
 F = Vault count percentage of total count
                 A         B        C        D         E       F
            +---------+---------+-------+---------+---------+-------
      Total |   15749 |    6499 |  29.2 |     225 |      79 |  26.0
            +---------+---------+-------+---------+---------+-------
        D:1 |      58 |       1 |   1.7 |      33 |       1 |   2.9
        D:2 |      42 |      20 |  32.3 |      16 |       6 |  27.3
        D:3 |      17 |     290 |  94.5 |       8 |      10 |  55.6
        D:4 |     522 |      35 |   6.3 |      14 |       6 |  30.0
        D:5 |     703 |     313 |  30.8 |      24 |       5 |  17.2
        D:6 |    1334 |       0 |   0.0 |      19 |       0 |   0.0
        D:7 |    2106 |     365 |  14.8 |      19 |       1 |   5.0
        D:8 |     950 |    1596 |  62.7 |      19 |       5 |  20.8
        D:9 |    1322 |    1001 |  43.1 |      25 |       2 |   7.4
       D:10 |    2761 |    1064 |  27.8 |      25 |      10 |  28.6
     Lair:1 |    3330 |     776 |  18.9 |      12 |       1 |   7.7
     Lair:2 |    2604 |     117 |   4.3 |      11 |      12 |  52.2
      Sewer |       0 |     378 | 100.0 |       0 |      19 | 100.0
      IceCv |       0 |     543 | 100.0 |       0 |       1 | 100.0
            +---------+---------+-------+---------+---------+-------

Illustrated notes

Table legend:
 A = Kills in this place as a percentage of kills in entire the game.
 B = Kills by you in this place as a percentage of kills by you in the entire game.
 C = Kills by friends in this place as a percentage of kills by friends in the entire game.
 D = Other kills in this place as a percentage of other kills in the entire game.
 E = Experience gained in this place as a percentage of experience gained in the entire game.
 F = Experience gained in this place divided by the number of levels of this place that you have seen.
                   A       B       C       D       E      F
               +-------+-------+-------+-------+-------+----------------------
         Total | 100.0 | 100.0 |   N/A | 100.0 | 100.0 | 1589.1
       Dungeon |  81.6 |  81.5 |   N/A | 100.0 |  65.2 | 1450.0
          Lair |  11.8 |  11.9 |   N/A |   0.0 |  30.7 | 3413.5
         Sewer |   6.2 |   6.3 |   N/A |   0.0 |   1.7 | 378.0
      Ice Cave |   0.3 |   0.3 |   N/A |   0.0 |   2.4 | 543.0
               +-------+-------+-------+-------+-------+----------------------

Table legend: (Time is in decaauts)
 A = Elapsed time spent in this place.
 B = Non-inter-level travel time spent in this place.
 C = Inter-level travel time spent in this place.
 D = Time resting spent in this place.
 E = Time spent auto-exploring this place.
 F = Levels seen in this place.
 G = Mean time per level.
                   A        B        C        D        E       F      G
               +--------+--------+--------+--------+--------+-----+--------+
         Total |  12965 |  12578 |    387 |    412 |   8914 |  14 |  926.1 |
       Dungeon |  10637 |  10289 |    348 |    308 |   7390 |  10 | 1063.7 |
          Lair |   1252 |   1214 |     38 |      0 |    851 |   2 |  626.0 |
         Sewer |   1056 |   1056 |      0 |    104 |    672 |   1 | 1056.0 |
      Ice Cave |     18 |     18 |      0 |      0 |      0 |   1 |   18.0 |
               +--------+--------+--------+--------+--------+-----+--------+

Top non-repeatable levels by time:
     D:6: 1456 daAuts
    D:10: 1443 daAuts
     D:8: 1374 daAuts
     D:9: 1362 daAuts
   Sewer: 1056 daAuts
  Lair:1: 1049 daAuts
     D:5: 1014 daAuts
     D:2: 867 daAuts
     D:1: 851 daAuts
     D:4: 790 daAuts
     D:7: 771 daAuts
     D:3: 706 daAuts
  Lair:2: 203 daAuts
   IceCv: 18 daAuts
